 Dungeon Crawl Stone Soup version 0.31-a0-703-gcfe89afef6 (webtiles) character file.

Game seed: 11160056848045439929

4689 arthad the Sneak (level 10, -15/69 HPs)
             Began as an Octopode Shapeshifter on Sept 8, 2023.
             Was an Initiate of Gozag.
             Demolished by a komodo dragon (19 damage)
             ... on level 10 of the Dungeon on Sept 9, 2023.
             The game lasted 00:23:17 (9086 turns).

arthad the Sneak (Octopode Shapeshifter)            Turns: 9086, Time: 00:23:18

Health: -15/69     AC:  5    Str: 19    XL:     10   Next: 44%
Magic:  13/13      EV: 15    Int: 13    God:    Gozag
Gold:   492        SH:  0    Dex: 12    Spells: 7/13 levels left

rFire   . .          .
                       - Unarmed
rCold   . . .        (no shield)
rNeg    . . .        (helmet currently unavailable)
rPois   .            F - amulet of regeneration
rElec   .            m - ring of Jidghuit {Wiz Will+ Str+2}
rCorr   .            a - +4 ring of protection
SInv    .            D - ring of wizardry
Will    +....        (no ring)
Stlth   +++++        (no ring)
HPRegen 1.11/turn    (no ring)
MPRegen 0.13/turn    (no ring)
                     (no ring)

%: wizardry (x2)
@: beast-form
A: beast (slay +3), almost no armour, amphibious, 8 rings, camouflage 1,
gelatinous body 1, (nimble swimmer 1), tentacles
a: Begin Untransformation, Renounce Religion, Potion Petition, Call Merchant,
Bribe Branch


You were on level 10 of the Dungeon.
You worshipped Gozag.
Gozag was aware of your devotion.
You were a hulking beast.
You visited 2 branches of the dungeon, and saw 11 of its levels.

You collected 946 gold pieces.
You spent 288 gold pieces at shops.
You paid 166 gold pieces to Gozag.

Inventory:

Hand Weapons
 i - the +1 rapier of the Median {heavy, rPois rF- rN++}
   (You found it on level 2 of the Dungeon)

   rF-:       It makes you vulnerable to fire.
   rPois:     It protects you from poison rN++: It greatly protects you from
   negative energy.
 o - a +1 hand axe of flaming
 t - the +1 quarterstaff of the Endless Expanse {venom, rPois rCorr Dex-5 SInv}
   (You found it on level 4 of the Dungeon)

   Dex-5:     It affects your dexterity (-5).
   rPois:     It protects you from poison SInv: It lets you see invisible.
   rCorr:     It protects you from acid and corrosion.
Missiles
 G - a boomerang
 J - 4 javelins (quivered)
Magical Staves
 n - a staff of conjuration
 u - a staff of earth
 v - a staff of cold
Jewellery
 a - a +4 ring of protection (right tentacle)
 h - an amulet of faith
 m - the ring of Jidghuit (left tentacle) {Wiz Will+ Str+2}
   (You found it on level 3 of the Dungeon)

   [ring of wizardry]

   Wiz:       It improves your spell success rate.
   Str+2:     It affects your strength (+2).
   Will+:     It increases your willpower.
 D - a ring of wizardry (on tentacle)
 F - an amulet of regeneration (around mantle)
Talismans
 b - a beast talisman (active)
 c - a flux talisman
 w - a blade talisman
 H - a maw talisman
Wands
 d - a wand of iceblast (11)
 r - a wand of paralysis (10)
 x - a wand of flame (8)
 B - a wand of quicksilver (13)
Scrolls
 e - 2 scrolls of enchant weapon
 g - 2 scrolls of enchant armour
 k - 4 scrolls of fear
 p - 2 scrolls of blinking
 q - 6 scrolls of revelation
 y - 2 scrolls of teleportation
 z - a scroll of vulnerability {unknown}
 C - a scroll of noise {unknown}
 E - a scroll of butterflies {unknown}
 I - 2 scrolls of amnesia
 K - a scroll of immolation {unknown}
Potions
 f - 4 potions of curing
 j - a potion of mutation
 l - 3 potions of heal wounds
 s - a potion of ambrosia {unknown}
 A - a potion of cancellation


   Skills:
 * Level 6.6 Fighting
 * Level 6.9 Dodging
 + Level 7.8 Stealth
 * Level 7.3 Unarmed Combat
 + Level 2.3 Spellcasting
 + Level 2.5 Translocations
 * Level 6.9 Shapeshifting


You had 7 spell levels left.
You knew the following spells:

 Your Spells              Type           Power      Damage    Failure   Level
a - Blink                 Tloc           16%        N/A       3%          2
b - Passage of Golubria   Tloc           8%         N/A       21%         4

Your spell library contained the following spells:

 Spells                   Type           Power      Damage    Failure   Level
 Lesser Beckoning         Tloc           16%        N/A       3%          2
 Momentum Strike          Conj/Tloc      8%         3d8       6%          2
 Frozen Ramparts          Ice            2%         1d1       19%         3
 Inner Flame              Hex/Fire       1%         N/A       19%         3
 Flame Wave               Conj/Fire      1%         2d4       50%         4
 Petrify                  Tmut/Erth      1%         N/A       50%         4
 Sticky Flame             Conj/Fire      1%         2d3       50%         4
 Fireball                 Conj/Fire      0%         3d3       83%         5
 Iskenderun's Battlesphe  Conj           1%         2d6       83%         5
 Metabolic Englaciation   Hex/Ice        0%         N/A       83%         5
 Silence                  Hex/Air        0%         N/A       83%         5
 Conjure Ball Lightning   Conj/Air       0%         3x3d6     100%        6
 Haunt                    Necr/Summ      0%         N/A       100%        7
 Orb of Destruction       Conj           0%         9d5       100%        7
 Infestation              Necr           0%         N/A       100%        8
 Lehudib's Crystal Spear  Conj/Erth      0%         10d2      100%        8
 Animate Dead             Necr           Unusable   N/A       N/A         4

Dungeon Overview and Level Annotations

Branches:
Dungeon (10/15)            Temple (1/1) D:6
   Lair: D:8-11         Orc: D:9-12

Altars:
Ashenzari
Cheibriados
Dithmenos
Elyvilon
Fedhas
Gozag
Hepliaklqana
Kikubaaqudgha
Makhleb
Nemelex Xobeh
Okawaru
Qazlal
Ru
Sif Muna
Trog
Uskayaw
Vehumet
Wu Jian
Xom
Yredelemnul
Zin
The Shining One

Shops:
D:6 *[


Innate Abilities, Weirdness & Mutations

You are a hulking beast.
Your limbs bulge with bestial killing power. (Slay +3)
You cannot wear most types of armour.
You are amphibious.
You can wear up to eight rings at the same time.
Your skin changes colour to match your surroundings (Stealth+).
Your rubbery body absorbs attacks. (AC +1, EV +1)
((You are camouflaged when in or above water. (Stealth+)))
You have tentacles for arms and can constrict up to eight enemies at once.


Message History

You are too injured to fight recklessly!
You barely miss the komodo dragon.
The komodo dragon is moderately wounded.
The komodo dragon closely misses you.
You tentacle-slap the komodo dragon.
The komodo dragon is heavily wounded.
The komodo dragon bites you.
You tentacle-slap the komodo dragon.
You squeeze the komodo dragon, but do no damage.
The komodo dragon is heavily wounded.
The komodo dragon closely misses you.
You bludgeon the komodo dragon!
The komodo dragon is severely wounded.
You closely miss the komodo dragon.
The komodo dragon is severely wounded.
The komodo dragon bites you.
You tentacle-slap the komodo dragon.
Your tentacle-slap misses the komodo dragon.
The komodo dragon is severely wounded.
The komodo dragon bites you but does no damage.
You tentacle-slap the komodo dragon.
The komodo dragon is almost dead.
The komodo dragon bites you!
* * * LOW HITPOINT WARNING * * *
You tentacle-slap the komodo dragon.
The komodo dragon is almost dead.
The komodo dragon bites you!
* * * LOW HITPOINT WARNING * * *
You tentacle-slap the komodo dragon.
The komodo dragon is almost dead.
The komodo dragon barely misses you.
You tentacle-slap the komodo dragon but do no damage.
Your squeeze misses the komodo dragon.
The komodo dragon is almost dead.
The komodo dragon barely misses you.
You barely miss the komodo dragon.
The komodo dragon is almost dead.
The komodo dragon bites you!!
You die...
Your body crumbles into a pile of gold.

#........##'#####.#
##.................#
#....#########.#####
#....# #.# #....#
#.# #....# #.#
#....# #..
#...$####### #..
#...h....... ...
#....l.##### ....
#>.?...# ........#
..........#
..........#
#########.. ###


You could see a komodo dragon.

Vanquished Creatures
  Pikel (D:8)
  A troll (D:9)
  Prince Ribbit (D:5)
  A hornet (D:9)
  4 yaks (D:8)
  A wyvern (D:9)
  Menkaure (D:7)
  2 acid dragons
  A water moccasin (D:8)
  An orc warrior (D:9)
  A black bear (D:6)
  An ice beast (D:6)
  3 centaurs
  4 lemures (D:8)
  2 phantoms
  4 bullfrogs
  2 scorpions (D:5)
  5 killer bees (D:9)
  5 hounds
  A jelly (D:5)
  A gnoll bouda (D:5)
  7 orc priests
  2 sleepcaps (D:6)
  Natasha (twice) (D:2)
  3 iguanas
  9 orc wizards
  13 gnolls
  8 adders
  2 shadow imps
  2 white imps
  An ufetubus (D:5)
  3 worms
  4 dart slugs
  39 orcs
  8 bats
  9 endoplasms
  2 giant cockroaches
  9 goblins
  9 hobgoblins
  10 jackals
  4 kobolds
  3 quokkas
  3 ball pythons (D:1)
  4 frilled lizards
  7 rats
206 creatures vanquished.

Notes
Turn   | Place    | Note
-------+----------+-------------------------------------------
     0 | D:1      | arthad the Octopode Shapeshifter began the quest for the
                  | Orb.
     0 | D:1      | Reached XP level 1. HP: 13/13 MP: 1/1
    67 | D:1      | Reached XP level 2. HP: 14/18 MP: 2/2
   207 | D:1      | Reached XP level 3. HP: 23/23 MP: 3/3
   640 | D:2      | Found a faded altar of an unknown god.
   831 | D:2      | Reached XP level 4. HP: 14/29 MP: 4/4
   977 | D:2      | Identified the +1 rapier of the Median {heavy, rPois rF-
                  | rN++}
  1112 | D:2      | Noticed Natasha
  1124 | D:2      | Killed Natasha
  1379 | D:2      | Noticed Natasha
  1384 | D:2      | Killed Natasha
  1385 | D:2      | Reached XP level 5. HP: 35/35 MP: 5/5
  1676 | D:3      | Reached skill level 1 in Stealth
  2199 | D:3      | Identified the ring of Jidghuit {Wiz Will+ Str+2}
  2372 | D:3      | Reached XP level 6. HP: 40/41 MP: 6/6
  3552 | D:4      | Identified the +1 quarterstaff of the Endless Expanse
                  | {venom, rPois rCorr Dex-5 SInv}
  3789 | D:5      | Entered Level 5 of the Dungeon
  3789 | D:5      | Noticed Prince Ribbit
  3795 | D:5      | Killed Prince Ribbit
  3796 | D:5      | Reached XP level 7. HP: 15/46 MP: 7/7
  4169 | D:5      | Reached skill level 5 in Unarmed Combat
  4394 | D:5      | Reached XP level 8. HP: 45/54 MP: 8/8
  4829 | D:6      | Reached skill level 5 in Stealth
  4829 | D:6      | Reached skill level 5 in Shapeshifting
  4966 | D:6      | Found Ciwkag's Armour Shop.
  5167 | D:6      | Found Resyqec's General Store.
  5170 | D:6      | Bought a book of Spatial Translocations for 216 gold pieces
  5170 | D:6      | Bought a potion of curing for 36 gold pieces
  5170 | D:6      | Bought a scroll of teleportation for 36 gold pieces
  5464 | D:6      | Reached skill level 5 in Dodging
  5757 | D:6      | Found a staircase to the Ecumenical Temple.
  5875 | Temple   | Entered the Ecumenical Temple
  6253 | D:7      | Found a stormy altar of Qazlal.
  6548 | D:7      | Noticed Menkaure
  6552 | D:7      | Killed Menkaure
  6646 | D:7      | Reached XP level 9. HP: 60/60 MP: 9/9
  6727 | D:7      | Reached skill level 5 in Fighting
  6800 | D:7      | Found a hazy altar of Hepliaklqana.
  6800 | D:7      | Found an ornate altar of the Wu Jian Council.
  7359 | D:8      | Learned a level 2 spell: Blink
  7370 | D:8      | Noticed Pikel
  7448 | D:8      | Found a sacrificial altar of Ru.
  7564 | Temple   | Became a worshipper of Gozag Ym Sagoz the Greedy
  7813 | D:8      | Killed Pikel
  7814 | D:8      | Reached skill level 1 in Spellcasting
  7814 | D:8      | Reached skill level 1 in Translocations
  7961 | D:9      | Noticed a troll
  8097 | D:8      | Reached XP level 10. HP: 68/68 MP: 12/12
  8123 | D:9      | Learned a level 4 spell: Passage of Golubria
  8209 | D:9      | HP: 3/68 [troll (5)]
  8813 | D:10     | Entered Level 10 of the Dungeon
  9083 | D:10     | HP: 1/69 [komodo dragon (15)]
  9086 | D:10     | Demolished by a komodo dragon

Illustrated notes

Levels and vault maps discovered:
D:1:      shiori_shiawase, layout_basic, minmay_door_square,
          minmay_misc_feat_more_columns
D:2:      layout_basic, ebering_ecumenical_altar_mist, grunt_ministairs_12,
          kennysheep_generic_room_13, uniq_natasha
D:3:      kennysheep_big_flooded_room, layout_basic
D:4:      dreamdust_elfheim, layout_gridville
D:5:      layout_basic, uniq_prince_ribbit1
D:6:      layout_loops_ring, minmay_temple_entry_enclosed_plants, serial_shops,
          kennysheep_mini_moat, nicolae_shop_advertising_works
          [nicolae_subvault_shop_adworks], nrook_mini_vaults,
          nicolae_water_bricks
D:7:      layout_layer_cave, lemuel_crystal_altar,
          amethyst_overflow_temple_binary, minmay_splitting_lines, minivault_25,
          uniq_menkaure
D:8:      layout_basic, mainiacjoe_overflow_tiny_flanked, uniq_pikel
D:9:      layout_rooms, serial_curves, eino_curves_03, eino_curves_02,
          eino_curves_02
D:10:     layout_irregular_city, erik_orc_2, corexii_corridor_pit
Temple:   eino_narrow_crystal_temple

Skill      XL: |  1  2  3  4  5  6  7  8  9 10 |
---------------+-------------------------------+-----
Fighting       | 2 3 4 6 |  6.6
Dodging        | 3 4 5 6 |  6.9
Stealth        | 1 3 4 6 7 |  7.8
Unarmed Combat | 4 5 6 7 |  7.3
Shapeshifting  | 4 5 6 |  6.9
Spellcasting   | 1 2 |  2.3
Translocations | 1 2 |  2.5

Action                     |  1- 3 |  4- 6 |  7- 9 | 10-12 || total
---------------------------+-------+-------+-------+-------++-------
  Melee: Unarmed           |    63 |   139 |   230 |    91 ||   523
         Constrict         |    19 |    32 |    47 |    15 ||   113
         Tentacles         |    14 |    24 |    67 |    22 ||   127
         Punch             |       |     7 |     9 |     5 ||    21
  Throw: Javelin           |       |       |     2 |    29 ||    31
         Boomerang         |       |       |       |     1 ||     1
  Evoke: Wand              |       |       |     6 |     2 ||     8
    Use: Scroll            |       |     1 |     4 |     7 ||    12
         Potion            |       |       |    11 |     1 ||    12
   Stab: Sleeping          |     7 |    10 |     6 |     1 ||    24
         Distracted        |     1 |       |       |       ||     1
         Paralysed         |       |       |       |     3 ||     3
 Armour: Skin              |    23 |    67 |   147 |    60 ||   297
  Dodge: Dodged            |    18 |    82 |   145 |    60 ||   305

Table legend: (Time is in decaauts)
 A = Elapsed time spent in this place.
 B = Non-inter-level travel time spent in this place.
 C = Inter-level travel time spent in this place.
 D = Time resting spent in this place.
 E = Time spent auto-exploring this place.
 F = Levels seen in this place.
 G = Mean time per level.
                   A        B        C        D        E       F      G
               +--------+--------+--------+--------+--------+-----+--------+
         Total |   9074 |   8499 |    575 |     90 |   6924 |  11 |  824.9 |
       Dungeon |   9010 |   8494 |    516 |     90 |   6924 |  10 |  901.0 |
        Temple |     64 |      5 |     59 |      0 |      0 |   1 |   64.0 |
               +--------+--------+--------+--------+--------+-----+--------+

Top non-repeatable levels by time:
     D:6: 1203 daAuts
     D:7: 1192 daAuts
     D:4: 1146 daAuts
     D:3: 1117 daAuts
     D:5: 957 daAuts
     D:2: 938 daAuts
     D:8: 821 daAuts
     D:9: 726 daAuts
     D:1: 632 daAuts
    D:10: 274 daAuts
  Temple: 64 daAuts
